 Dungeon Crawl Stone Soup version 0.24-a0-218-ga595e75 (webtiles) character file.

Game seed: 3440882404459239993

324 VLARC the Skirmisher (level 6, 0/33 HPs)
             Began as a Vine Stalker Monk on Mar 30, 2019.
             Was a Believer of Kikubaaqudgha.
             Succumbed to a worker ant's poison
             ... on level 4 of the Dungeon.
             The game lasted 00:06:53 (3318 turns).

VLARC the Skirmisher (Vine Stalker Monk)            Turns: 3318, Time: 00:06:54

Health: 0/33       AC:  4    Str: 14    XL:     6   Next: 48%
Magic:  4/11       EV: 12    Int: 12    God:    Kikubaaqudgha [**....]
Gold:   148        SH:  0    Dex: 16    Spells: 4/11 levels left

rFire    . . .     SeeInvis .   a - +1 spear
rCold    . . .     Gourm    .   (no shield)
rNeg     + . .     Faith    .   d - +0 leather armour
rPois    .         Spirit   +   (no helmet)
rElec    .         Reflect  .   i - +0 cloak
rCorr    .         Harm     .   (no gloves)
MR       .....                  (no boots)
Stlth    ++........             (no amulet)
HPRegen  0.51/turn              e - ring of positive energy
MPRegen  0.12/turn              r - ring of flight

@: lethally poisoned (0 -> -4)
A: fangs 2, regeneration 1, magic shield, antimagic bite, no potion heal 3, rot
immunity
a: Receive Corpses, Renounce Religion, Evoke Flight


You were on level 4 of the Dungeon.
You worshipped Kikubaaqudgha.
Kikubaaqudgha was pleased with you.
You were hungry.

You visited 2 branches of the dungeon, and saw 5 of its levels.

You collected 148 gold pieces.

Inventory:

Hand Weapons
 a - a +1 spear (weapon)
Armour
 d - a +0 leather armour (worn)
 i - a +0 cloak (worn)
Jewellery
 e - a ring of positive energy (left hand)
 h - an uncursed ring of ice
 r - a ring of flight (right hand)
Scrolls
 g - 2 scrolls of remove curse
 j - a scroll of teleportation
Potions
 f - a potion of magic
 k - a potion of flight
 l - a potion of cancellation
 m - 2 potions of resistance {unknown}
 n - a potion of degeneration {unknown}
 p - a potion of berserk rage {unknown}
Comestibles
 c - 8 rations


   Skills:
 + Level 4.2 Fighting
 + Level 4.2 Polearms
 - Level 2.4 Dodging
 - Level 2.4 Stealth
 + Level 3.3 Spellcasting
 + Level 0.8 Necromancy


You had 4 spell levels left.
You knew the following spells:

 Your Spells              Type           Power        Failure   Level  Hunger
a - Regeneration          Chrm/Necr      #.........   61%         3    ###....
b - Sublimation of Blood  Necr           #.........   32%         2    ###....
c - Corpse Rot            Necr           N/A          32%         2    ###....

Your spell library contained the following spells:

 Spells                   Type           Power        Failure   Level  Hunger
 Pain                     Necr           #...         22%         1    #......


Dungeon Overview and Level Annotations

Branches:
Dungeon (4/15)             Temple (1/1) D:4

Altars:
Ashenzari
Cheibriados
Dithmenos
Gozag
Kikubaaqudgha
Makhleb
Nemelex Xobeh
Qazlal
Ru
Sif Muna
Trog
Uskayaw
Vehumet
Wu Jian
Xom
Yredelemnul
Zin
The Shining One


Innate Abilities, Weirdness & Mutations

You have extremely sharp teeth.
Your natural rate of healing is unusually fast.
When hurt, damage is shared between your health and your magic reserves.
Your bite disrupts and absorbs the magic of your enemies.
Potions cannot restore your health.
You are immune to rotting.


Message History

The worker ant is lightly wounded.
You feel sick. The worker ant bites you.
* * * LOW HITPOINT WARNING * * *
You are lethally poisoned!
The worker ant poisons you!
* * * LOW HITPOINT WARNING * * *
You feel sick.
The worker ant bites you but does no damage.
* * * LOW HITPOINT WARNING * * *
You feel sick.
* * * LOW HITPOINT WARNING * * *
You feel sick.
* * * LOW HITPOINT WARNING * * *
You feel sick. The worker ant barely misses you.
* * * LOW HITPOINT WARNING * * *
You feel sick.
* * * LOW HITPOINT WARNING * * *
You feel sick. The worker ant bites you.
You die...
Kikubaaqudgha rasps: "You have failed me!
Welcome... death!"

##..###..# ##..#
#........# #....
#....!...+ #...#
#........#
#...##
#........#
#....#
#........# #.[..
##...###.####
#...### #.
#.##.######<..##
#.....#..@.....#
#.....aa.......#
#.....#...#)...#
#.....#.⌠.#....#
#...###...###..#
##.............#
##..⌠..>..⌠..##
.............#
...###...###.#


You could see 2 worker ants.

Vanquished Creatures
  An ogre (D:4)
  An orc priest (D:2)
  Jessica (D:3)
  An orc wizard (D:3)
  5 adders
  3 oozes (D:2)
  3 worms (D:2)
  2 dart slugs
  2 leopard geckos
  8 orcs (D:3)
  9 bats
  4 giant cockroaches
  9 goblins
  7 hobgoblins
  5 jackals
  A quokka (D:2)
  2 ball pythons
  3 frilled lizards (D:2)
  8 kobolds
  5 rats
80 creatures vanquished.

Notes
Turn   | Place    | Note
-------+----------+-------------------------------------------
     0 | D:1      | VLARC the Vine Stalker Monk began the quest for the Orb.
     0 | D:1      | Reached XP level 1. HP: 11/11 MP: 2/2
   195 | D:1      | Reached XP level 2. HP: 16/16 MP: 3/3
   326 | D:1      | Reached skill level 1 in Spellcasting
   949 | D:2      | Reached XP level 3. HP: 14/20 MP: 3/5
  1224 | D:2      | Found a faded altar of an unknown god.
  1553 | D:2      | Gained mutation: Your natural rate of healing is unusually
                  | fast. [Vine Stalker growth]
  1553 | D:2      | Reached XP level 4. HP: 23/24 MP: 5/7
  2282 | D:3      | Reached XP level 5. HP: 28/28 MP: 9/9
  2317 | D:2      | HP: 1/29 [orc priest/nerve-wracking pain (4)]
  2482 | D:3      | Noticed Grinder
  2498 | D:3      | Paralysed by Grinder for 7 turns
  2625 | D:3      | Noticed Jessica
  2627 | D:3      | Killed Jessica
  2638 | D:3      | Reached XP level 6. HP: 33/33 MP: 11/11
  3001 | D:4      | Found a staircase to the Ecumenical Temple.
  3010 | Temple   | Entered the Ecumenical Temple
  3196 | Temple   | Became a worshipper of Kikubaaqudgha
  3196 | Temple   | Reached * piety under Kikubaaqudgha
  3196 | Temple   | Identified Kikubaaqudgha's Guide on Darkness (Kikubaaqudgha
                  | gifted it to you in the Ecumenical Temple)
  3196 | Temple   | Received a gift from Kikubaaqudgha
  3196 | Temple   | Reached ** piety under Kikubaaqudgha
  3202 | Temple   | Learned a level 3 spell: Regeneration
  3205 | Temple   | Learned a level 2 spell: Sublimation of Blood
  3208 | Temple   | Learned a level 2 spell: Corpse Rot
  3316 | D:4      | HP: 1/33 [poisoned by a worker ant]
  3318 | D:4      | Succumbed to a worker ant's poison

Levels and vault maps discovered:
D:1:      onia_arrival_mini_spirals, layout_basic
D:2:      layout_loops_ring, chequers_ecumenical_altar_island, first_ration,
          corner_web_ring, minmay_mini_jars
D:3:      layout_rooms, serial_forest, infiniplex_forest_clump_double,
          infiniplex_forest_end_1, infiniplex_forest_end_2,
          infiniplex_forest_corner_2, infiniplex_forest_straight_3,
          infiniplex_forest_3_way, infiniplex_forest_straight_4,
          infiniplex_forest_end_2, uniq_jessica, uniq_grinder
D:4:      layout_gridville, minmay_temple_entry_junction_2, uniq_robin,
          uniq_duvessa
Temple:   eino_narrow_crystal_temple

Skill      XL: |  1  2  3  4  5 |
---------------+----------------+-----
Polearms       | 3 4 |  4.2
Spellcasting   | 1 2 3 |  3.3
Fighting       | 3 4 |  4.2
Dodging        | |  2.4
Stealth        | |  2.4
Necromancy     | |  0.8

Action                   |  1- 3 |  4- 6 || total
-------------------------+-------+-------++-------
Melee: Spear             |   108 |   231 ||   339
       Bite              |    24 |    58 ||    82
  Use: Scroll            |       |     7 ||     7
 Stab: Sleeping          |     5 |     6 ||    11
  Eat: Chunk             |     2 |     5 ||     7
Armor: Robe              |    13 |    16 ||    29
       Leather armour    |       |    19 ||    19
Dodge: Dodged            |    38 |   115 ||   153

Table legend:
 A = Non-vault XP
 B = Vault XP
 C = Vault XP percentage of total XP
 D = Non-vault monster count
 E = Vault monster count
 F = Vault count percentage of total count
                 A         B        C        D         E       F
            +---------+---------+-------+---------+---------+-------
      Total |     396 |      67 |  14.5 |      69 |      11 |  13.8
            +---------+---------+-------+---------+---------+-------
        D:1 |      24 |       0 |   0.0 |      12 |       0 |   0.0
        D:2 |     143 |      30 |  17.3 |      30 |      10 |  25.0
        D:3 |     111 |      37 |  25.0 |      26 |       1 |   3.7
        D:4 |     118 |       0 |   0.0 |       1 |       0 |   0.0
            +---------+---------+-------+---------+---------+-------
